 Dungeon Crawl Stone Soup version 0.24.1-14-gf8d2b509d9 (webtiles) character file.

Game seed: 14189545509501246762, levelgen mode: deterministic

188870 enile the Warrior (level 17, 0/163 (168) HPs)
             Began as a Minotaur Fighter on Jan 30, 2022.
             Was the Champion of Nemelex Xobeh.
             Killed from afar by a shock serpent (6 damage)
             ... with a bolt of electricity
             ... on level 4 of the Snake Pit on Jan 31, 2022.
             The game lasted 01:45:16 (49878 turns).

enile the Warrior (Minotaur Fighter)               Turns: 49878, Time: 01:45:17

HP:   0/163 (168)   AC: 27    Str: 28    XL:     17   Next: 92%
MP:   25/25         EV:  6    Int:  5    God:    Nemelex Xobeh [******]
Gold: 1601          SH: 22    Dex: 14    Spells: 16/16 levels left

rFire    . . .     SeeInvis +   Q - +5 demon whip (flame)
rCold    . . .     Gourm    .   q - +1 large shield
rNeg     + + .     Faith    .   v - +4 plate armour of Knowledge {rN+ MR+}
rPois    .         Spirit   .   (helmet restricted)
rElec    .         Reflect  .   P - +2 cloak
rCorr    .         Harm     .   x - +2 pair of gloves
MR       +++++     Clarity  +   (no boots)
Stlth    ..........             Y - amulet of the Four Winds {rN+ MR+++ Clar}
HPRegen  0.37/turn              i - +4 ring of strength
MPRegen  0.19/turn              k - ring of see invisible

@: no status effects
A: retaliatory headbutt, horns 2, clarity, magic resistance 1, wild magic 2
a: Draw Escape, Draw Destruction, Draw Summoning, Triple Draw, Deal Four, Stack
Five, Renounce Religion


You were on level 4 of the Snake Pit.
You worshipped Nemelex Xobeh.
Nemelex Xobeh was exalted by your worship.
You were not hungry.

You visited 5 branches of the dungeon, and saw 31 of its levels.
You visited 1 bazaar.
You also visited: Volcano.

You collected 3468 gold pieces.
You spent 1867 gold pieces at shops.

Inventory:

Hand Weapons
 u - the +8 whip "Snakebite" {curare, rPois}
   (You found it on level 3 of the Lair of Beasts)

   It poisons the flesh of those it strikes.
   It protects you from poison.
 Q - a +5 demon whip of flaming (weapon)
Missiles
 X - a throwing net (quivered)
Armour
 q - a +1 large shield (worn)
 v - the +4 plate armour of Knowledge (worn) {rN+ MR+}
   (You bought it in a shop on level 2 of the Orcish Mines)

   It protects you from negative energy.
   It affects your resistance to hostile enchantments.
 x - a +2 pair of gloves (worn)
 y - a +1 cloak of fire resistance
 P - a +2 cloak (worn)
Jewellery
 i - a +4 ring of strength (left hand)
 k - a ring of see invisible (right hand)
 t - the amulet of Don Teps {Spirit rF+ rN+ Int-4}
   (You acquired it on level 1 of the Swamp)

   [amulet of guardian spirit]

   It causes incoming damage to be split between your health and magic.
   It affects your intelligence (-4).
   It protects you from fire.
   It protects you from negative energy.
 A - a +1 ring of protection
 B - an uncursed amulet of the acrobat
 L - the amulet "Qaovuxkab" {Regen+ Str+2}
   (You acquired it on level 3 of the Lair of Beasts)

   [amulet of regeneration]

   It affects your strength (+2).
   It increases your rate of regeneration.
 M - an uncursed ring of protection from magic
 S - an uncursed ring of protection from cold
 Y - the amulet of the Four Winds (around neck) {rN+ MR+++ Clar}
   (You found it on level 5 of the Lair of Beasts)

   [amulet of nothing]

   It protects you from negative energy.
   It affects your resistance to hostile enchantments.
   It protects you against confusion.
Wands
 e - a wand of clouds (4)
 g - a wand of digging (8)
 p - a wand of polymorph (12)
 s - a wand of enslavement (2)
 w - a wand of paralysis (40)
 O - a wand of acid (59)
 T - a wand of flame (37)
 Z - a wand of iceblast (28)
Scrolls
 a - 3 scrolls of identify
 b - 3 scrolls of vulnerability
 h - 5 scrolls of teleportation
 j - 3 scrolls of amnesia
 l - a scroll of summoning
 m - 11 scrolls of remove curse
 K - 2 scrolls of magic mapping
 N - a scroll of holy word
 U - 2 scrolls of immolation
 V - 3 scrolls of fear
Potions
 d - 2 potions of might
 n - 5 potions of curing
 o - 4 potions of agility
 z - a potion of berserk rage
 C - 3 potions of flight
 D - 2 potions of haste
 E - 2 potions of brilliance
 F - 3 potions of ambrosia
 G - a potion of invisibility
 I - 6 potions of resistance
 J - 2 potions of heal wounds
 R - a potion of cancellation
 W - 4 potions of magic
Miscellaneous
 c - a fan of gales
 r - a lamp of fire
 H - a crystal ball of energy
Comestibles
 f - 29 rations


   Skills:
 - Level 19.0 Fighting
   Level 9.0(12.6) Axes
 - Level 14.1(15.0) Maces & Flails
 - Level 5.0 Throwing
 - Level 13.0 Armour
 - Level 5.0 Stealth
 - Level 14.0 Shields
 - Level 12.0 Invocations
 + Level 12.8 Evocations


You had 16 spell levels left.
You didn't know any spells.
Your spell library contained the following spells:

 Spells                   Type           Power        Failure   Level  Hunger
 Animate Skeleton         Necr           N/A          100%        1    ##.....
 Apportation              Tloc           #.....       100%        1    ##.....
 Beastly Appendage        Tmut           #.....       100%        1    ##.....
 Confusing Touch          Hex            #.....       100%        1    ##.....
 Corona                   Hex            #......      100%        1    ##.....
 Infusion                 Chrm           #...         100%        1    ##.....
 Magic Dart               Conj           #...         100%        1    ##.....
 Sandblast                Erth           #.....       100%        1    ##.....
 Sting                    Conj/Pois      #...         100%        1    ##.....
 Summon Small Mammal      Summ           #...         100%        1    ##.....
 Blink                    Tloc           N/A          100%        2    ###....
 Call Imp                 Summ           #.......     100%        2    ###....
 Ensorcelled Hibernation  Hex/Ice        #.....       100%        2    ###....
 Passwall                 Tmut/Erth      #.......     100%        2    ###....
 Poisonous Vapours        Pois/Air       #.....       100%        2    ###....
 Shroud of Golubria       Chrm/Tloc      #.....       100%        2    ###....
 Slow                     Hex            #.......     100%        2    ###....
 Song of Slaying          Chrm           #.......     100%        2    ###....
 Sticks to Snakes         Tmut           #.......     100%        2    ###....
 Confuse                  Hex            #.......     100%        3    ####...
 Conjure Flame            Conj/Fire      #.......     100%        3    ####...
 Dazzling Spray           Conj/Hex       #.....       100%        3    ####...
 Inner Flame              Hex/Fire       #.......     100%        3    ####...
 Mephitic Cloud           Conj/Pois/Air  #.......     100%        3    ####...
 Portal Projectile        Hex/Tloc       #.....       100%        3    ####...
 Regeneration             Chrm/Necr      #.........   100%        3    ####...
 Spectral Weapon          Hex/Chrm       #.......     100%        3    ####...
 Spider Form              Tmut/Pois      #.........   100%        3    ####...
 Stone Arrow              Conj/Erth      #.....       100%        3    ####...
 Tukima's Dance           Hex            #.......     100%        3    ####...
 Cause Fear               Hex            #.........   100%        4    #####..
 Ice Form                 Ice/Tmut       #.......     100%        4    #####..
 Leda's Liquefaction      Hex/Erth       #.........   100%        4    #####..
 Olgreb's Toxic Radiance  Pois           #.......     100%        4    #####..
 Petrify                  Tmut/Erth      #.......     100%        4    #####..
 Blade Hands              Tmut           #.........   100%        5    ######.
 Bolt of Magma            Conj/Fire/Erth #.........   100%        5    ######.
 Irradiate                Conj/Tmut      #.........   100%        5    ######.
 Lee's Rapid Deconstruct  Erth           #.........   100%        5    ######.
 Venom Bolt               Conj/Pois      #.........   100%        5    ######.
 Freezing Cloud           Conj/Ice/Air   #.........   100%        6    #######
 Hydra Form               Tmut           #.........   100%        6    #######
 Iron Shot                Conj/Erth      #.........   100%        6    #######
 Statue Form              Tmut/Erth      #........    100%        6    #######
 Dragon Form              Tmut           #.........   100%        7    #######
 Ring of Flames           Chrm/Fire      #.........   100%        7    #######
 Shatter                  Erth           #.........   100%        9    #######


Dungeon Overview and Level Annotations

Branches:
Dungeon (15/15)            Temple (0/1) D:6            Lair (6/6) D:11
  Swamp (4/4) Lair:2        Snake (4/4) Lair:2        Slime (0/5) Lair:5
    Orc (2/2) D:12            Elf (0/3) Orc:2        Vaults (0/5) D:13
Volcano (visited)
 Depths: D:15

Altars:
Ashenzari
Dithmenos
Elyvilon
Gozag
Nemelex Xobeh
Qazlal
Sif Muna
Trog
Xom
Zin
The Shining One
Beogh

Shops:
D:8 %   Orc:2 [[::

Annotations:
D:4 2 transporters, hgbash's ghost, amateur KoHu
D:11 3 runed translucent doors, Ereiziar's ghost, journeyman DsFi
D:12 2 transporters, Plazmod's ghost, journeyman DECj
Lair:2 2 transporters, barney's ghost, journeyman DrTm
Swamp:4 exclusion: oklob plant


Innate Abilities, Weirdness & Mutations

You reflexively headbutt those who attack you in melee.
You have a pair of horns on your head.
You possess an exceptional clarity of mind.
You are resistant to hostile enchantments. (MR+)
Your spells are harder to cast, but more powerful.


Message History

You now have 3 escape cards and 5 destruction cards.
Your centaur warrior disappears in a puff of smoke!
A shock serpent comes into view.
The shock serpent hisses angrily.
The shock serpent shoots out a bolt of lightning at you!
The bolt of electricity hits you!!
* * * LOW HITPOINT WARNING * * *
The bolt of electricity hits your yaktaur!!
Found 16 bolts.
A naga comes into view. It is wielding a +0 trident.
The shock serpent shoots out a bolt of lightning at you!
The bolt of electricity hits you!
* * * LOW HITPOINT WARNING * * *
The bolt of electricity hits your yaktaur!!
Your yaktaur dies!
Your yaktaur's corpse disappears in a puff of smoke!
The shock serpent shoots out a bolt of lightning at you!
The bolt of electricity hits you.
You die...
Your body glows with a rainbow of weird colours and disappears.

,,,#.....#,.......,#.......#
,,*#.....#*.......,#.......#*
,,*......#,.......,#..^.....*
,,+*,,,,,**.......,#........*
,,,*,,,,,,*..#.#.###........*
,,,*,,,,,.####+###..........*
,,,*,,,,,.........ยง.........*
,,**,,,,,..................#*
,,,*,,,,,.......@.........(#
,,,*,,,,,..................#
,,**,,,,,..................#*
***,,,,,,...................*
,,,,,,,,,.N.S..............,*
,,,**,,**...#(............,,*
*****,,,,...###....####..,***
*****##** ###.## **,** *** ***


You could see a shock serpent and a naga.

Vanquished Creatures
  Mara (Swamp:4)
  A bone dragon (Swamp:4)
  An acid blob (Snake:2)
  4 thorn hunters
  Kirke (Lair:4)
  2 green draconians (Swamp:1)
  A great orb of eyes (D:14)
  Fannar (D:11)
  6 naga warriors
  15 hydras
  4 ghost crabs
  8 anacondas
  6 centaur warriors
  9 two-headed ogres
  A death knight (D:12)
  10 alligators
  3 ogre magi
  2 orc high priests
  A queen ant (Snake:4)
  Urug (D:11)
  8 naga sharpshooters
  5 shock serpents
  A hell knight (Volcano)
  Nergalle (Lair:4)
  A fire crab (Snake:4)
  A deep troll (Orc:2)
  3 spriggan druids
  2 naga ritualists
  10 swamp dragons
  A harpy (Lair:6)
  4 orc knights
  Pikel (D:7)
  4 spectral hydras (Swamp:4)
  A wolf spider (D:12)
  7 deep elf magi
  3 mana vipers
  6 ugly things
  7 salamanders
  4 manticores
  4 orc sorcerers
  6 cyclopes
  5 elephants
  Maurice (D:13)
  21 black mambas
  An eye of devastation (Swamp:1)
  11 naga magi
  A gargoyle (D:14)
  3 guardian serpents
  16 spiny frogs
  A torpor snail (D:10)
  A rime drake (Lair:6)
  4 yaktaurs
  3 komodo dragons
  2 tengu conjurers (D:14)
  A kobold demonologist (D:13)
  A harpy zombie (D:15)
  5 hydra zombies (Swamp:4)
  2 freezing wraiths
  5 polar bears
  A meliai (D:10)
  8 tyrant leeches
  4 trolls
  8 hornets
  A raiju (Snake:2)
  Grinder (D:3)
  A harpy skeleton (D:15)
  14 slime creatures
  18 blink frogs
  14 hippogriffs
  2 dream sheep (Lair:6)
  4 spectral swamp dragons (Swamp:4)
  6 bog bodies
  A meliai zombie (D:14)
  2 alligator zombies (Swamp:4)
  Sigmund (D:3)
  2 wraiths
  55 yaks
  17 spriggans
  3 wyverns
  3 shadows
  2 basilisks
  6 hogs (Lair:4)
  38 vampire mosquitoes
  A human (Lair:1)
  3 hungry ghosts
  3 wargs
  30 insubstantial wisps
  Menkaure (D:7)
  12 swamp worms
  A soldier ant (D:12)
  21 nagas
  20 water moccasins
  An acid dragon (D:14)
  8 porcupines
  A floating eye (Orc:2)
  8 swamp drakes
  7 sky beasts
  2 ice beasts
  A slave (D:7)
  2 swamp dragon zombies (Swamp:4)
  A black bear (shapeshifter) (Snake:2)
  25 orc warriors
  5 black bears
  6 phantoms
  A tengu (shapeshifter) (D:14)
  An eye of draining (Snake:2)
  11 ogres
  19 wolves
  25 centaurs
  3 boggarts
  A tengu (Snake:2)
  14 crocodiles
  5 big kobolds
  19 bullfrogs
  5 scorpions
  7 killer bees (D:8)
  4 wights (D:11)
  An electric eel (Lair:2)
  A howler monkey (D:4)
  A bullfrog zombie (D:6)
  A lava snake (D:14)
  3 crimson imps
  3 hounds
  5 jellies
  16 orc priests
  A wyvern simulacrum (D:15)
  A bullfrog skeleton (D:4)
  20 orc wizards
  4 centaur skeletons
  An iguana (D:8)
  Ijyb (D:3)
  11 worker ants
  A hound skeleton (D:4)
  A worker ant zombie (D:5)
  A gnoll (D:8)
  18 adders
  5 shadow imps
  7 oozes
  An adder skeleton (D:8)
  An adder zombie (D:6)
  3 worms
  2 ball lightnings
  2 dart slugs
  13 leopard geckos
  78 orcs
  8 giant cockroaches
  5 goblins
  13 hobgoblins
  15 jackals
  6 quokkas
  7 ball pythons
  A ball python skeleton (D:4)
  15 bats
  6 frilled lizards
  A jackal skeleton (D:7)
  24 kobolds
  2 quokka skeletons (D:6)
  14 rats
  A briar patch (Swamp:2)
  2 fungi
  4 plants (Lair:2)
1055 creatures vanquished.

Vanquished Creatures (collateral kills)
  An orc warlord (Orc:1)
  An ettin (Swamp:1)
  Snorg (D:10)
  A naga warrior (Snake:3)
  3 hydras
  4 two-headed ogres
  A salamander mystic (Snake:2)
  A glowing orange brain (Swamp:1)
  A death drake (Lair:6)
  3 swamp dragons
  2 deep elf magi (Orc:2)
  A salamander (Snake:2)
  An ugly thing (D:10)
  A cyclops (Lair:6)
  2 mana vipers
  A black mamba (Lair:1)
  2 guardian serpents
  A swamp worm zombie (Swamp:4)
  5 alligator zombies (Swamp:4)
  3 hornets
  2 bog bodies (Swamp:4)
  A dream sheep (Lair:6)
  3 yaks
  A wyvern (Snake:4)
  4 spriggans
  7 insubstantial wisps (Swamp:4)
  2 wargs
  3 nagas (Snake:3)
  A porcupine (D:7)
  8 orc warriors
  An ice beast (D:7)
  A phantom (Swamp:4)
  2 wolves (Lair:6)
  2 ogres
  A centaur (Lair:6)
  5 orc priests
  2 orc wizards
  2 worker ants
  6 orcs
90 creatures vanquished.

Vanquished Creatures (others)
  A naga warrior (Snake:3)
  A two-headed ogre (D:15)
  An anaconda (Snake:4)
  A fire crab (Snake:4)
  A swamp dragon (Swamp:4)
  An orc knight (Orc:2)
  3 spiny frogs
  A freezing wraith (Swamp:4)
  A yaktaur (Snake:4)
  A tyrant leech (Swamp:3)
  A bog body (Swamp:2)
  A spriggan (Snake:2)
  A yak (D:11)
  A naga (Snake:2)
  A swamp drake (Snake:2)
  A boggart (Lair:6)
  An orc priest (Orc:2)
  A worker ant (D:6)
  2 ball lightnings (D:15)
  2 orcs
  2 briar patches
  10 fungi
  28 plants
64 creatures vanquished.

Grand Total: 1209 creatures vanquished

Notes
Turn   | Place    | Note
-------+----------+-------------------------------------------
     0 | D:1      | enile the Minotaur Fighter began the quest for the Orb.
     0 | D:1      | Reached XP level 1. HP: 19/19 MP: 0/0
    37 | D:1      | Reached skill level 4 in Fighting
    69 | D:1      | Reached XP level 2. HP: 28/28 MP: 1/1
   476 | D:1      | Reached skill level 5 in Fighting
   488 | D:1      | Reached XP level 3. HP: 36/36 MP: 2/2
  1021 | D:2      | Reached skill level 6 in Fighting
  1021 | D:2      | Reached XP level 4. HP: 44/44 MP: 3/3
  1160 | D:2      | Found a glowing silver altar of Zin.
  1165 | D:2      | Found a shimmering blue altar of Sif Muna.
  1468 | D:2      | Found a sparkling altar of Nemelex Xobeh.
  1472 | D:2      | Became a worshipper of Nemelex Xobeh the Trickster
  1546 | D:2      | Received a gift from Nemelex Xobeh
  1554 | D:2      | Found a white marble altar of Elyvilon.
  2051 | D:3      | Reached skill level 7 in Fighting
  2051 | D:3      | Reached XP level 5. HP: 45/52 MP: 4/4
  2184 | D:3      | Found a shadowy altar of Dithmenos.
  2216 | D:3      | Received a gift from Nemelex Xobeh
  2302 | D:3      | Noticed Grinder
  2315 | D:3      | Paralysed by Grinder for 4 turns
  2323 | D:3      | Paralysed by Grinder for 7 turns
  2330 | D:3      | Killed Grinder
  2330 | D:3      | Reached XP level 6. HP: 11/60 MP: 5/5
  2378 | D:3      | Noticed Ijyb
  2686 | D:3      | Killed Ijyb
  2889 | D:3      | Noticed Sigmund
  2911 | D:3      | Killed Sigmund
  2911 | D:3      | Reached skill level 8 in Fighting
  2911 | D:3      | Reached XP level 7. HP: 48/68 MP: 6/6
  3100 | D:4      | Found a transporter.
  3102 | D:4      | Reached * piety under Nemelex Xobeh
  3104 | D:4      | Noticed hgbash's ghost (amateur KoHu)
  3119 | D:4      | Found a transporter.
  3158 | D:4      | Found a shattered altar of Ashenzari.
  3233 | D:4      | Received a gift from Nemelex Xobeh
  3562 | D:4      | Reached ** piety under Nemelex Xobeh
  3926 | D:4      | Reached skill level 1 in Invocations
  4019 | D:5      | Entered Level 5 of the Dungeon
  4377 | D:5      | Found a bloodstained altar of Trog.
  4561 | D:6      | Reached XP level 8. HP: 67/74 MP: 10/10
  4624 | D:6      | Reached skill level 5 in Armour
  4716 | D:6      | Reached skill level 1 in Throwing
  4904 | D:6      | Received a gift from Nemelex Xobeh
  5214 | D:6      | Found a staircase to the Ecumenical Temple.
  5514 | D:6      | Reached XP level 9. HP: 40/82 MP: 11/11
  6059 | D:7      | Reached *** piety under Nemelex Xobeh
  6073 | D:7      | Reached skill level 9 in Fighting
  6264 | D:7      | Noticed Harold
  6266 | D:7      | Noticed Harold
  6266 | D:7      | Harold changed into Harold the swamp dragon
  6267 | D:7      | Identified the +1 long sword "Beast's Death Toll" {elec,
                  | rC- Int+7}
  6274 | D:7      | Reached skill level 10 in Fighting
  6276 | D:7      | Killed Harold the swamp dragon
  6280 | D:7      | HP: 1/85 [poison (poison gas)]
  6752 | D:7      | Received a gift from Nemelex Xobeh
  6891 | D:7      | Received a gift from Nemelex Xobeh
  6953 | D:7      | Noticed Pikel
  6965 | D:7      | Killed Pikel
  6965 | D:7      | Reached skill level 11 in Fighting
  7068 | D:7      | Noticed Menkaure
  7070 | D:7      | Killed Menkaure
  7090 | D:7      | Reached skill level 5 in Axes
  7458 | D:8      | Found Larrady's Food Emporium.
  7461 | D:8      | Received a gift from Nemelex Xobeh
  7504 | D:8      | Found a stormy altar of Qazlal.
  7556 | D:8      | Reached XP level 10. HP: 96/96 MP: 12/12
  7606 | D:8      | Found a glowing golden altar of the Shining One.
  7920 | D:8      | Reached **** piety under Nemelex Xobeh
  7959 | D:8      | Received a gift from Nemelex Xobeh
  7965 | D:8      | Reached skill level 5 in Invocations
  8692 | D:9      | Reached skill level 1 in Stealth
  8721 | D:9      | Received a gift from Nemelex Xobeh
  9185 | D:9      | Received a gift from Nemelex Xobeh
  9399 | D:10     | Entered Level 10 of the Dungeon
  9407 | D:10     | Noticed Snorg
  9432 | D:10     | Killed Snorg
  9432 | D:10     | Reached skill level 5 in Stealth
 10129 | D:10     | Noticed a two-headed ogre
 10165 | D:10     | Killed a two-headed ogre
 10165 | D:10     | Reached skill level 12 in Fighting
 10455 | D:10     | Reached skill level 5 in Throwing
 10497 | D:10     | Noticed a white ugly thing
 10497 | D:10     | Noticed a centaur warrior
 10506 | D:10     | Killed a white ugly thing
 10506 | D:10     | Reached XP level 11. HP: 52/104 MP: 14/14
 10522 | D:10     | a centaur warrior changed into a torpor snail
 10973 | D:10     | Found a shimmering altar of Xom.
 11000 | D:10     | Found a shimmering altar of Xom.
 11000 | D:10     | Found a shimmering altar of Xom.
 11000 | D:10     | Found a shimmering altar of Xom.
 11332 | D:11     | Found a sparkling altar of Nemelex Xobeh.
 11424 | D:11     | Noticed Urug
 11426 | D:11     | Received a gift from Nemelex Xobeh
 11439 | D:11     | Killed Urug
 11843 | D:11     | Reached skill level 13 in Fighting
 12116 | D:11     | Found a runed translucent gate.
 12116 | D:11     | Found a runed translucent gate.
 12116 | D:11     | Found a runed translucent gate.
 12160 | D:11     | Identified the +2 long sword of Valiance {slice, rF+ rN+
                  | Dex+5}
 12160 | D:11     | Noticed Fannar
 12169 | D:11     | Killed Fannar
 12169 | D:11     | Reached skill level 14 in Fighting
 12542 | D:11     | Reached ***** piety under Nemelex Xobeh
 12548 | D:11     | Found a staircase to the Lair.
 12610 | D:11     | Received a gift from Nemelex Xobeh
 12736 | D:11     | Noticed Ereiziar's ghost (journeyman DsFi)
 12921 | Lair:1   | Entered Level 1 of the Lair of Beasts
 12946 | Lair:1   | Received a gift from Nemelex Xobeh
 12993 | Lair:1   | Noticed a seven-headed hydra
 13085 | Lair:1   | Killed a seven-headed hydra
 13113 | Lair:1   | Reached XP level 12. HP: 31/117 MP: 15/15
 13524 | Lair:1   | Received a gift from Nemelex Xobeh
 13562 | Lair:1   | Noticed an eight-headed hydra
 13576 | Lair:1   | Killed a 13-headed hydra
 13576 | Lair:1   | Reached skill level 10 in Armour
 14381 | Lair:1   | Received a gift from Nemelex Xobeh
 14629 | Lair:2   | Found a transporter.
 14634 | Lair:2   | Found a transporter.
 14635 | Lair:2   | Noticed barney's ghost (journeyman DrTm)
 15294 | Lair:2   | Found a staircase to the Snake Pit.
 15301 | Lair:2   | Found a staircase to the Swamp.
 15322 | Lair:2   | Reached skill level 15 in Fighting
 16272 | Lair:3   | Reached skill level 1 in Evocations
 16451 | Lair:3   | Received a gift from Nemelex Xobeh
 16562 | Lair:3   | Found a dark tunnel.
 16579 | Volcano  | Entered a volcano
 16595 | Volcano  | Noticed an ogre mage
 16607 | Volcano  | Killed an ogre mage
 16609 | Volcano  | Found a burning altar of Makhleb.
 16610 | Volcano  | Noticed a two-headed ogre
 16611 | Volcano  | Noticed a two-headed ogre
 16613 | Volcano  | Killed a two-headed ogre
 16627 | Volcano  | Killed a two-headed ogre
 16634 | Volcano  | Noticed a two-headed ogre
 16635 | Volcano  | Noticed a two-headed ogre
 16635 | Volcano  | Noticed a two-headed ogre
 16636 | Volcano  | Reached skill level 5 in Evocations
 16636 | Volcano  | Noticed a two-headed ogre
 16637 | Volcano  | a two-headed ogre changed into a mana viper
 16650 | Volcano  | Killed a two-headed ogre
 16652 | Volcano  | Killed a two-headed ogre
 16655 | Volcano  | Killed a two-headed ogre
 16655 | Volcano  | Reached XP level 13. HP: 24/127 MP: 16/16
 17348 | Lair:3   | Identified a scroll of acquirement
 17351 | Lair:3   | Got a coiled brass amulet
 17358 | Lair:3   | Identified the amulet "Qaovuxkab" {Regen+ Str+2} (You
                  | acquired it on level 3 of the Lair of Beasts)
 17675 | Lair:3   | Received a gift from Nemelex Xobeh
 17796 | Lair:3   | Reached skill level 16 in Fighting
 18173 | Lair:3   | Gained mutation: You evolve. [potion of mutation]
 18173 | Lair:3   | Gained mutation: Your body sometimes deteriorates upon
                  | taking damage. [potion of mutation]
 18173 | Lair:3   | Gained mutation: You possess an exceptional clarity of
                  | mind. [potion of mutation]
 18173 | Lair:3   | Gained mutation: Your spells are a little harder to cast,
                  | but a little more powerful. [potion of mutation]
 18182 | Lair:3   | Lost mutation: Your body sometimes deteriorates upon taking
                  | damage. [potion of mutation]
 18182 | Lair:3   | Lost mutation: You evolve. [potion of mutation]
 18182 | Lair:3   | Lost mutation: You possess an exceptional clarity of mind.
                  | [potion of mutation]
 18182 | Lair:3   | Gained mutation: You occasionally shout uncontrollably at
                  | your foes. [potion of mutation]
 18182 | Lair:3   | Gained mutation: You are resistant to hostile enchantments.
                  | (MR+) [potion of mutation]
 18208 | Lair:3   | Found the +8 whip "Snakebite" {curare, rPois}
 18670 | Lair:4   | Noticed Kirke
 18675 | Lair:4   | Noticed Nergalle
 18708 | Lair:4   | Killed Kirke
 18708 | Lair:4   | Reached skill level 17 in Fighting
 18711 | Lair:4   | Reached skill level 1 in Maces & Flails
 18713 | Lair:4   | Killed Nergalle
 19165 | Lair:4   | Reached skill level 5 in Maces & Flails
 19224 | Lair:4   | Received a gift from Nemelex Xobeh
 19528 | Lair:4   | Reached ****** piety under Nemelex Xobeh
 19929 | Lair:5   | Received a gift from Nemelex Xobeh
 19967 | Lair:5   | Reached skill level 18 in Fighting
 19994 | Lair:5   | Received a gift from Nemelex Xobeh
 20078 | Lair:5   | Found a staircase to the Slime Pits.
 20208 | Lair:5   | Received a gift from Nemelex Xobeh
 20283 | Lair:5   | Found the amulet of the Four Winds {rN+ MR+++ Clar}
 20413 | Lair:5   | Received a gift from Nemelex Xobeh
 20475 | Lair:5   | Reached XP level 14. HP: 114/143 MP: 18/18
 20957 | Lair:6   | Entered Level 6 of the Lair of Beasts
 22294 | Lair:6   | Received a gift from Nemelex Xobeh
 22379 | Lair:6   | Identified the -1 hand axe of Corruption {elec, Int-3 Dex+2
                  | Stlth+}
 22396 | Lair:6   | Reached skill level 10 in Invocations
 23056 | Lair:6   | Received a gift from Nemelex Xobeh
 23538 | D:12     | Found a staircase to the Orcish Mines.
 23944 | D:12     | Noticed Plazmod's ghost (journeyman DECj)
 23944 | D:12     | Identified the +7 great mace of Zyl Xoid {freeze, rElec
                  | rF++ rC+}
 23944 | D:12     | Noticed a frost giant
 23946 | D:12     | Found a transporter.
 24183 | D:12     | Received a gift from Nemelex Xobeh
 24271 | D:12     | Found a transporter.
 24410 | D:12     | You fall into a shaft and drop 1 floor!
 24603 | D:13     | Found an opulent altar of Gozag.
 24715 | D:12     | Reached skill level 10 in Maces & Flails
 25119 | Orc:1    | Entered Level 1 of the Orcish Mines
 25190 | Orc:1    | Received a gift from Nemelex Xobeh
 25579 | Orc:1    | Noticed an orc warlord
 25580 | Orc:1    | Identified the +2 executioner's axe "Hisanuuc" {speed, MR++
                  | Int-5}
 25593 | Orc:1    | Killed an orc warlord
 25618 | Orc:1    | Found a roughly hewn altar of Beogh.
 26462 | Orc:2    | Entered Level 2 of the Orcish Mines
 26464 | Orc:2    | Found a staircase to the Elven Halls.
 26799 | Orc:2    | Reached XP level 15. HP: 118/149 MP: 21/21
 27227 | Orc:2    | Received a gift from Nemelex Xobeh
 27234 | Orc:2    | Found Doupotwu's Antique Armour Shoppe.
 27234 | Orc:2    | Found Wyfuv's Book Boutique.
 27236 | Orc:2    | Found Qiuru Ehetz's Antique Armour Shoppe.
 27236 | Orc:2    | Found Taczig's Book Boutique.
 27242 | Orc:2    | Bought a glowing plate armour for 728 gold pieces
 27261 | Orc:2    | Bought a dazzling plate armour for 1064 gold pieces
 27273 | Orc:2    | Identified the +4 plate armour of Knowledge {rN+ MR+} (You
                  | bought it in a shop on level 2 of the Orcish Mines)
 27791 | D:13     | Noticed Maurice
 27801 | D:13     | Killed Maurice
 28281 | D:13     | Found a gate to the Vaults.
 28664 | D:14     | Received a gift from Nemelex Xobeh
 29208 | D:14     | Received a gift from Nemelex Xobeh
 29364 | D:14     | Lost mutation: You occasionally shout uncontrollably at
                  | your foes. [potion of mutation]
 29364 | D:14     | Gained mutation: Your spells are harder to cast, but more
                  | powerful. [potion of mutation]
 29364 | D:14     | Gained mutation: You evolve. [potion of mutation]
 29420 | D:15     | Entered Level 15 of the Dungeon
 30200 | D:15     | Identified the +5 war axe "Qedd" {flame, rPois rC+}
 30677 | Swamp:1  | Entered Level 1 of the Swamp
 30681 | Swamp:1  | Received a gift from Nemelex Xobeh
 30872 | Swamp:1  | Reached skill level 10 in Evocations
 31358 | Swamp:1  | Got a steaming garnet amulet
 31373 | Swamp:1  | Identified the amulet of Don Teps {Spirit rF+ rN+ Int-4}
                  | (You acquired it on level 1 of the Swamp)
 32206 | Swamp:1  | Reached XP level 16. HP: 117/159 MP: 22/22
 32789 | Swamp:1  | Received a gift from Nemelex Xobeh
 33004 | Swamp:2  | Noticed a thorn hunter
 33022 | Swamp:2  | Killed a thorn hunter
 33028 | Swamp:2  | Reached skill level 19 in Fighting
 34237 | Swamp:2  | Noticed a thorn hunter
 34257 | Swamp:2  | Killed a thorn hunter
 35813 | Swamp:3  | Received a gift from Nemelex Xobeh
 36118 | Swamp:3  | Reached skill level 10 in Shields
 36910 | Swamp:3  | Noticed a thorn hunter
 36934 | Swamp:3  | Killed a thorn hunter
 37508 | Swamp:4  | Entered Level 4 of the Swamp
 37575 | Swamp:4  | Noticed a thorn hunter
 38174 | Swamp:4  | Killed a thorn hunter
 38175 | Swamp:4  | Identified the +1 long sword "Icvegud" {protect, Int+3}
 38283 | Swamp:4  | Noticed Mara
 38295 | Swamp:4  | Noticed enile's illusion
 39355 | Swamp:4  | Gained mutation: You possess an exceptional clarity of
                  | mind. [evolution]
 39355 | Swamp:4  | Lost mutation: You evolve. [end of evolution]
 39771 | Swamp:4  | Noticed a bone dragon
 40284 | Swamp:4  | Killed a bone dragon
 40284 | Swamp:4  | Reached XP level 17. HP: 87/168 MP: 23/23
 40611 | Swamp:4  | Received a gift from Nemelex Xobeh
 41016 | Swamp:4  | Noticed enile's illusion
 41084 | Swamp:4  | Killed Mara
 42274 | Snake:1  | Entered Level 1 of the Snake Pit
 42678 | Snake:1  | Received a gift from Nemelex Xobeh
 43322 | Snake:1  | Received a gift from Nemelex Xobeh
 45180 | Snake:2  | Noticed Saint Roka
 45774 | Snake:2  | Noticed Saint Roka
 45774 | Snake:2  | Saint Roka changed into Saint Roka the acid blob
 45784 | Snake:2  | HP: 2/163 [acid (12)]
 45785 | Snake:2  | Killed Saint Roka the acid blob
 46637 | Snake:2  | Received a gift from Nemelex Xobeh
 48590 | Snake:4  | Entered Level 4 of the Snake Pit
 49026 | Snake:4  | Found a flickering gateway to a bazaar.
 49060 | Bazaar   | Entered a bazaar
 49135 | Bazaar   | Found Kihof's Book Shop.
 49172 | Bazaar   | Found Bok Ceof's Assorted Antiques.
 49177 | Bazaar   | Bought a scroll of teleportation for 75 gold pieces
 49185 | Bazaar   | Found Tiobum's Book Boutique.
 49185 | Bazaar   | Found Jaony's Weapon Shop.
 49874 | Snake:4  | Received a gift from Nemelex Xobeh
 49877 | Snake:4  | HP: 6/163 [shock serpent/bolt of electricity (12)]
 49878 | Snake:4  | Killed from afar by a shock serpent

Levels and vault maps discovered:
D:1:      onia_arrival_handbag, layout_loops_corners
D:2:      layout_loops_ring, lemuel_round_altar,
          amethyst_overflow_temple_binary, roderic_nine_men_s_morris,
          nemelex_diamond_rough_becter
D:3:      layout_basic, marbit_many_paths, st_stairs_13, minmay_curled_crystal,
          uniq_ijyb, uniq_grinder, uniq_sigmund
D:4:      layout_basic, nicolae_overflow_hidden_temple, first_ration,
          gammafunk_ghost_stat_death
D:5:      layout_rooms, lightli_temple_of_fire
D:6:      minmay_opposing_rooms, layout_basic, minmay_temple_entry_glassed_door,
          enter_ossuary_1
D:7:      layout_basic, uniq_harold, uniq_pikel, uniq_menkaure
D:8:      layout_loops_corners, grunt_qazlal_sundering, kennysheep_mini_moat,
          serial_shops, nicolae_shop_crystal, hangedman_pestilent_swarm
D:9:      layout_irregular_city
D:10:     minmay_slanted_spiral_squares, layout_basic, serial_rivers,
          chequers_serial_rivers_micro_b, chequers_serial_rivers_small_b,
          chequers_serial_rivers_micro_d, chequers_serial_rivers_marsh,
          chequers_serial_rivers_room_b, chequers_serial_rivers_micro_e,
          xom_shifter_show, uniq_snorg
D:11:     layout_gridville, lair_entry_dummy, basic_altar, gammafunk_ghost_icy,
          uniq_urug, uniq_fannar
D:12:     layout_roguey, david_orc_3, gammafunk_ghost_smash
D:13:     layout_cave_pools, hangedman_vaults_entry_quadrant_bands,
          eino_small_chamber_without_monster, minmay_stone_trees_medium,
          grunt_gozag_breadcrumbs, uniq_maurice
D:14:     layout_loops_ring, nicolae_lava_and_water,
          minmay_mirror_moons_of_madness
D:15:     gammafunk_enter_depths_forms, layout_rooms,
          hangedman_abyss_or_decor_stagger, solitary_fountain,
          fake_guardian_serpent_vault
Lair:1:   layout_regular_city, nicolae_lair_grove_arrangements,
          infiniplex_staircase_pool_2, grunt_megastairs_2
Lair:2:   layout_loops_ring, swamp_mist_pool, dummy_snake_entry,
          gammafunk_ghost_hive, serial_bayou_lagoon_a, roderic_batcave
Lair:3:   minmay_guarded_unrand_snakebite, layout_regular_city,
          nicolae_volcano_entry_hallway, chequers_serial_rivers_micro_b,
          beast_lair_carwin_4, lemuel_fruit_tree
Lair:4:   onia_ninara_swampy_vault, layout_misc_corridors, grunt_megastairs_5,
          uniq_kirke, uniq_nergalle
Lair:5:   layout_layer_cave, slime_dummy
Lair:6:   minmay_lair_end_enchanted_forest, layout_long_grid
Swamp:1:  layout_basic_swamp, evilmike_swamp_ruin_rubble_2, swamp_pool1,
          hangedman_swamp_dais
Swamp:2:  layout_falls_marsh, serial_swamp_ruin, evilmike_swamp_ruin_house_6,
          evilmike_swamp_ruin_house_5
Swamp:3:  layout_basic_swamp, evilmike_swamp_ruin_house_4, swamp_pool4,
          nicolae_swamp_spriggan_camp
Swamp:4:  swamp_pestilence, layout_basic_swamp,
          portal_ice_cave_entry_frozen_things, uniq_mara
Snake:1:  layout_cave_pods, drop_trap
Snake:2:  layout_gridlike, drop_trap, st_stairs_14, serial_bayou_pond_c,
          uniq_saint_roka
Snake:3:  layout_concentric_octagons, grunt_ministairs_8
Snake:4:  snake_pit_salamanders_mu, layout_cave_town, serial_shops,
          bzr_entry_gold
Orc:1:    orc_temple, layout_caves, mines2_lemuel
Orc:2:    grunt_orc_tribal_feast, layout_caves, elves_outpost_lemuel

Skill      XL: |  1  2  3  4  5  6  7  8  9 10 11 12 13 14 15 16 17 |
---------------+----------------------------------------------------+-----
Fighting       | 4 5 6 7 8 11 12 14 15 18 19 | 19.0
Shields        | 6 7 9 14 | 14.0
Axes           | 4 6 7 9 |  9.0
Invocations    | 4 6 7 10 12 | 12.0
Armour         | 6 7 9 11 13 | 13.0
Throwing       | 4 5 |  5.0
Stealth        | 5 |  5.0
Evocations     | 6 10 12 | 12.8
Maces & Flails | 5 12 14 | 14.1

Action                   |  1- 3 |  4- 6 |  7- 9 | 10-12 | 13-15 | 16-18 || total
-------------------------+-------+-------+-------+-------+-------+-------++-------
Melee: War axe           |    79 |   154 |   200 |       |    43 |       ||   476
       Headbutt          |     8 |    23 |    43 |   105 |   401 |   448 ||  1028
       Hand axe          |       |       |    42 |   163 |       |       ||   205
       Broad axe         |       |       |       |   245 |   101 |       ||   346
       Whip              |       |       |       |       |  1380 |  1559 ||  2939
       Demon whip        |       |       |       |       |       |    64 ||    64
Throw: Boomerang         |       |       |    10 |    63 |    27 |       ||   100
       Throwing net      |       |       |       |     6 |       |     4 ||    10
Invok: Triple Draw       |       |       |       |     1 |     2 |       ||     3
       Deal Four         |       |       |       |       |     2 |     5 ||     7
 Abil: Draw Destruction  |       |       |     5 |    37 |    48 |    26 ||   116
       Draw Summoning    |       |       |     2 |     9 |     6 |    18 ||    35
       Draw Escape       |       |       |       |     7 |     3 |    13 ||    23
Evoke: Wand              |       |       |       |    13 |     4 |    13 ||    30
       Lamp of fire      |       |       |       |       |     1 |     4 ||     5
       Fan of gales      |       |       |       |       |       |     2 ||     2
       Phantom mirror    |       |       |       |       |       |     1 ||     1
  Use: Scroll            |       |       |    10 |    12 |    12 |    15 ||    49
       Potion            |       |       |     3 |       |     7 |     9 ||    19
 Stab: Confused          |       |       |       |       |     1 |     3 ||     4
       Petrified         |       |       |       |       |     1 |       ||     1
       Fleeing           |       |       |       |       |       |     3 ||     3
       Distracted        |       |       |       |       |       |     1 ||     1
  Eat: Chunk             |       |     6 |     5 |     4 |    12 |       ||    27
       Ration            |       |     1 |     3 |     7 |    12 |    17 ||    40
Armor: Scale mail        |    37 |       |       |       |       |       ||    37
       Chain mail        |       |    84 |   155 |    48 |       |       ||   287
       Plate armour      |       |       |       |   242 |   784 |   926 ||  1952
Dodge: Dodged            |    27 |    32 |    62 |   124 |   222 |   237 ||   704
Block: Shield            |    41 |    72 |   163 |   279 |   640 |       ||  1195
       Buckler           |       |    10 |       |       |       |       ||    10
       Large shield      |       |       |       |       |   447 |  1564 ||  2011
